[Event "Titled Tuesday Blitz October 25 Late 2022"]
[White "Caruana, Fabiano"]
[Black "Kollars, Dmitrij"]
[WhiteFideId "2020009"]
[BlackFideId "12909572"]
[WhiteElo "2847"]
[BlackElo "2584"]
[Result "0-1"]
[Round "10"]
[TimeControl "180+1"]
[Date "2022.10.26"]
[WhiteClock "0:00:01"]
[BlackClock "0:00:04"]

1. e4 e5 2. Nf3 Nc6 3. Bb5 a6 4. Ba4 Nf6 5. O-O Bc5 6. c3 b5 7. Bb3 d6 8. a4 Bb7 9. d3 Bb6 10. Na3 Ne7 11. Bg5 c6 12. Bxf6 gxf6 13. Nh4 Qd7 14. Nc2 d5 15. Ne3 O-O-O 16. axb5 axb5 17. Qf3 Qd6 18. Nhf5 Nxf5 19. Nxf5 Qd7 20. Rfd1 Kb8 21. g3 Rhg8 22. Kg2 Bc8 23. Bc2 Rg5 24. Rac1 Rdg8 25. h4 Rxf5 26. exf5 Qxf5 27. Qxf5 Bxf5 28. d4 e4 29. Ra1 Bg4 30. Re1 f5 31. f4 Kb7 32. Bd1 Bxd1 33. Rexd1 h5 34. Kf2 Re8 35. Ke2 Rc8 36. b3 Rg8 37. Rg1 b4 38. Kd2 bxc3+ 39. Kxc3 c5 40. dxc5 Bxc5 41. Rg2 Rc8 42. b4 Bb6+ 43. Kb3 d4 44. Rc2 Rg8 45. Kc4 d3 46. Rg2 Rc8+ 47. Kb5 e3 48. Ra6 Rc6 49. Ra3 d2 50. Rd3 Rc1 51. Rgxd2 exd2 52. Rxd2 Rg1 53. Rd7+ Bc7 54. Rxf7 Rxg3 55. Rxf5 Rg4 56. Rxh5 Rxf4 57. Rh7 Rf5+ 58. Kc4 Kc6 59. b5+ Kb7 60. h5 Rg5 61. h6 Rh5 62. Kd4 Kb6 63. Ke4 Bd6 64. Rh8 Bc5 65. h7 Kb7 66. Kf4 Ba3 67. Kg4 Rh1 68. Kf5 Bb2 69. Re8 Rxh7 70. Re2 Rh5+ 71. Kg6 Rxb5 72. Kf7 Kc6 73. Re6+ Kd5 74. Re8 Be5 75. Rd8+ Ke4 76. Kg6 Rb1 77. Ra8 Rg1+ 78. Kf7 Kf5 79. Ra6 Rg7+ 80. Ke8 Rb7 81. Kd8 Ke4 82. Kc8 Rg7 83. Ra2 Kd5 84. Rd2+ Bd4 85. Kd8 Rh7 86. Ke8 Ke5 87. Kd8 Be3 88. Rd1 Ke6 89. Kc8 Bb6 90. Kb8 Rf7 91. Kc8 Ke5 92. Kb8 Bd4 93. Kc8 Kd5 94. Kd8 Rg7 95. Rd2 Ke4 96. Rd1 Bc5 97. Kc8 Ke5 98. Kb8 Ke6 99. Kc8 Bd6 100. Re1+ Kd5 101. Rc1 Rh7 102. Rc2 Bc5 103. Kd8 Kd6 104. Rd2+ Kc6 105. Ke8 Re7+ 106. Kd8 Re1 107. Rd3 Bb6+ 108. Kc8 Re8+ 0-1


[Site "https://www.chess.com"]

[Event "Titled Tuesday Blitz October 25 Late 2022"]
[White "Clawitter, Craig"]
[Black "Osiecki, Stanislaw"]
[WhiteFideId "2023105"]
[BlackFideId "1102990"]
[WhiteElo "2258"]
[BlackElo "2088"]
[Result "0-1"]
[Round "10"]
[TimeControl "180+1"]
[Date "2022.10.26"]
[WhiteClock "0:00:01"]
[BlackClock "0:00:21"]

1. e4 e6 2. d4 d5 3. e5 c5 4. c3 Nc6 5. Nf3 Qb6 6. a3 c4 7. Nbd2 Na5 8. g3 Bd7 9. Bg2 h6 10. h4 O-O-O 11. O-O Kb8 12. Rb1 Rc8 13. Re1 Ne7 14. Nf1 Nec6 15. Bf4 Be7 16. h5 g5 17. hxg6 fxg6 18. g4 g5 19. Be3 Be8 20. Ng3 Bg6 21. Nh5 Bxb1 22. Qxb1 Rhg8 23. Nd2 Nb3 24. Nxb3 cxb3 25. Qh7 Rh8 26. Qf7 Qd8 27. Qxe6 Na5 28. Bxd5 Rc7 29. f4 gxf4 30. Bxf4 Bg5 31. Bg3 Rd7 32. Qxd7 Qxd7 33. e6+ Qc7 34. e7 Re8 35. Bxc7+ Kxc7 36. Ng7 Rxe7 37. Rxe7+ Bxe7 38. Nf5 Bf8 39. Kg2 b5 40. Kf3 Bxa3 41. bxa3 b2 42. Ba2 Nc4 43. Ke2 Nxa3 44. Nxh6 Kd7 45. g5 Ke7 46. g6 Kf6 47. Ng4+ Kxg6 48. Ne5+ Kf5 49. Nc6 a6 50. Nb8 a5 51. Nc6 a4 0-1


[Site "https://www.chess.com"]

[Event "Titled Tuesday Blitz October 25 Late 2022"]
[White "Cortes Orihuela, Javier"]
[Black "Aggelis, Nikolaos"]
[WhiteFideId "3414329"]
[BlackFideId "4213220"]
[WhiteElo "2080"]
[BlackElo "2187"]
[Result "0-1"]
[Round "10"]
[TimeControl "180+1"]
[Date "2022.10.26"]
[WhiteClock "0:00:22"]
[BlackClock "0:00:40"]

1. d4 Nf6 2. c4 g6 3. Nc3 d5 4. cxd5 Nxd5 5. e4 Nxc3 6. bxc3 Bg7 7. Be3 c5 8. Qd2 Qa5 9. Rc1 O-O 10. d5 e6 11. c4 Qxd2+ 12. Bxd2 exd5 13. cxd5 Re8 14. f3 f5 15. Bb5 Bd7 16. Bd3 b6 17. Ne2 a6 18. O-O Bb5 19. Bxb5 axb5 20. Bc3 Rxa2 21. Bxg7 Rxe2 22. Bh6 fxe4 23. fxe4 R2xe4 24. Rf6 Nd7 25. Rd6 Ne5 26. Rf1 Nf7 27. Rxf7 Kxf7 28. Rd7+ R8e7 29. Rd6 c4 30. Bg5 c3 31. Rf6+ Ke8 32. Rc6 Rc4 0-1


[Site "https://www.chess.com"]

[Event "Titled Tuesday Blitz October 25 Late 2022"]
[White "Curtis, John"]
[Black "Tan, Ralph"]
[WhiteFideId "3200256"]
[BlackFideId "30966590"]
[WhiteElo "2203"]
[BlackElo "2059"]
[Result "1/2-1/2"]
[Round "10"]
[TimeControl "180+1"]
[Date "2022.10.26"]
[WhiteClock "0:00:04"]
[BlackClock "0:00:12"]

1. e4 e6 2. Nc3 d5 3. d4 Nf6 4. Bg5 Be7 5. Bxf6 Bxf6 6. Nf3 O-O 7. Qd3 c5 8. dxc5 dxe4 9. Qxe4 Qa5 10. Qc4 Na6 11. Nd2 Bxc3 12. Qxc3 Qxc3 13. bxc3 Nxc5 14. Be2 Bd7 15. Bf3 Bb5 16. O-O-O Rac8 17. Nb1 b6 18. Rhe1 Na4 19. Re5 Ba6 20. Rd4 Nxc3 21. Nxc3 Rxc3 22. Ra4 Bf1 23. Rxa7 Rfc8 24. Bd1 Bd3 25. Kd2 Bxc2 26. Be2 Bg6 27. f3 Rc2+ 28. Ke1 h6 29. Ra3 Rc1+ 30. Kf2 Rb1 31. Rb3 Ra1 32. Rxb6 Rxa2 33. Rb3 Rcc2 34. Rbe3 Bf5 35. g4 Bg6 36. f4 Ra4 37. Kg3 Rc6 38. f5 Bh7 39. fxe6 Rxe6 40. Rxe6 fxe6 41. Rxe6 Ra3+ 42. Kf2 Bc2 43. Bc4 Kh7 44. Re2 Bg6 45. h4 h5 46. gxh5 Bxh5 47. Re5 Bg6 48. h5 Bc2 49. Bd5 Kh6 50. Bf7 Ra7 51. Be8 Rc7 52. Ke3 Bh7 53. Kf4 Rc4+ 54. Kg3 Rd4 55. Bf7 Rd3+ 56. Kh4 Rd4+ 57. Kg3 Rb4 58. Re6+ Kg5 59. Bg6 Bg8 60. Re7 Rb3+ 61. Kf2 Kf6 62. Rc7 Be6 63. Rc6 Rh3 64. Kg2 Re3 65. Rb6 Kg5 66. Kf2 Re5 67. Rb7 Kh6 68. Rb8 Bg4 69. Rh8+ Kg5 70. Rh7 Kf6 71. Kg3 Bf5 72. Bxf5 Rxf5 73. h6 Rg5+ 74. Kf4 Rf5+ 75. Ke4 Re5+ 76. Kd4 Rh5 77. hxg7 Rxh7 78. g8=Q Rd7+ 79. Qd5 Rxd5+ 80. Kxd5 1/2-1/2


[Site "https://www.chess.com"]

[Event "Titled Tuesday Blitz October 25 Late 2022"]
[White "D`Arruda, Ricardo D."]
[Black "Putnam, Liam"]
[WhiteFideId "100692"]
[BlackFideId "30938279"]
[WhiteElo "2466"]
[BlackElo "2082"]
[Result "0-1"]
[Round "10"]
[TimeControl "180+1"]
[Date "2022.10.26"]
[WhiteClock "0:00:19"]
[BlackClock "0:00:59"]

1. d4 g6 2. e4 Bg7 3. Nc3 d6 4. f4 a6 5. Nf3 b5 6. Be3 Bb7 7. Bd3 Nd7 8. Qd2 c5 9. d5 Ngf6 10. e5 Nxd5 11. Nxd5 Bxd5 12. Bxb5 Bxf3 13. Bxd7+ Qxd7 14. gxf3 O-O 15. O-O Qf5 16. exd6 Rfd8 17. c3 Rxd6 18. Qf2 Rad8 19. Rae1 c4 20. Re2 Rd3 21. Rfe1 e6 22. Bb6 Rb8 23. Re4 Qd5 24. Bc7 Rb7 25. Be5 Rd2 26. R1e2 Rbxb2 27. Bxg7 Kxg7 28. Rxd2 Rxd2 29. Re2 Rd3 30. Re3 Rd1+ 31. Kg2 h5 32. Re4 Rd2 33. Re2 Rd3 34. Re3 a5 35. a4 Qf5 36. Rxd3 Qxd3 37. Qe1 Qc2+ 38. Kg3 h4+ 39. Kh3 Qf5+ 40. Kg2 Qxf4 41. Qe2 e5 42. Qb2 g5 43. Qb5 h3+ 44. Kf2 Qxh2+ 45. Ke3 Qf4+ 46. Ke2 h2 0-1


[Site "https://www.chess.com"]

[Event "Titled Tuesday Blitz October 25 Late 2022"]
[White "Djordjevic, Dejan N"]
[Black "Mazurkiewicz, Michal"]
[WhiteFideId "913316"]
[BlackFideId "1124943"]
[WhiteElo "2262"]
[BlackElo "2063"]
[Result "0-1"]
[Round "10"]
[TimeControl "180+1"]
[Date "2022.10.26"]
[WhiteClock "0:00:02"]
[BlackClock "0:00:17"]

1. e4 d6 2. d4 Nf6 3. Nc3 c6 4. g3 e5 5. Nge2 Be7 6. Bg2 O-O 7. O-O b5 8. a3 a6 9. h3 Nbd7 10. f4 Bb7 11. g4 c5 12. fxe5 dxe5 13. d5 Ne8 14. Be3 Nd6 15. b3 Bg5 16. Bf2 Rc8 17. Kh1 g6 18. Qe1 f5 19. gxf5 gxf5 20. Rg1 Kh8 21. exf5 Nxf5 22. Ng3 Nd6 23. Rd1 Bf4 24. Nh5 Bh6 25. Ne4 Nxe4 26. Bxe4 Qe8 27. Ng3 Nf6 28. Bf5 Rd8 29. c4 Bf4 30. Kh2 Nxd5 31. cxd5 Rxf5 32. Qe4 Qf7 33. Bxc5 Rxd5 34. Rxd5 Bxd5 35. Qd3 Rg5 36. Bf2 h5 37. h4 Rg4 38. Rd1 Rxh4+ 39. Kg1 Bxg3 0-1


[Site "https://www.chess.com"]

[Event "Titled Tuesday Blitz October 25 Late 2022"]
[White "Djordjevic, Vuk"]
[Black "Vovk, Orest"]
[WhiteFideId "902098"]
[BlackFideId "14113490"]
[WhiteElo "2456"]
[BlackElo "2215"]
[Result "1-0"]
[Round "10"]
[TimeControl "180+1"]
[Date "2022.10.26"]
[WhiteClock "0:00:04"]
[BlackClock "0:00:01"]

1. d4 e5 2. dxe5 Nc6 3. Nf3 Qe7 4. Qd5 h6 5. Nc3 a6 6. a3 g5 7. h3 Bg7 8. Be3 Nxe5 9. Nxe5 Bxe5 10. Bd4 d6 11. Bxe5 dxe5 12. e3 Nf6 13. Qb3 b5 14. Nd5 Nxd5 15. Qxd5 Rb8 16. Qc6+ Kf8 17. Qc3 Rb6 18. Bd3 c5 19. b4 c4 20. Be2 Rd6 21. O-O h5 22. f4 gxf4 23. exf4 Rd4 24. Rae1 Rg8 25. Bxh5 Qh4 26. fxe5 Be6 27. Qe3 Rg5 28. Bxf7 Bxh3 29. Be6+ Ke7 30. Bxh3 Rg3 31. Qf2 Qxh3 32. Qf8+ Kd7 33. Rf7+ Kc6 34. Qa8+ Kb6 35. Qb7# 1-0


[Site "https://www.chess.com"]

[Event "Titled Tuesday Blitz October 25 Late 2022"]
[White "Faizrakhmanov, Ramil"]
[Black "Storey, Charles H"]
[WhiteFideId "24103209"]
[BlackFideId "406686"]
[WhiteElo "2421"]
[BlackElo "2252"]
[Result "0-1"]
[Round "10"]
[TimeControl "180+1"]
[Date "2022.10.26"]
[WhiteClock "0:00:18"]
[BlackClock "0:00:05"]

1. e4 g6 2. d4 Bg7 3. Nc3 c5 4. d5 d6 5. Nf3 Nf6 6. Bb5+ Bd7 7. a4 O-O 8. O-O Bxb5 9. axb5 Nbd7 10. h3 Ne8 11. Bf4 Nc7 12. Qe2 f6 13. Nd2 a6 14. bxa6 Nxa6 15. Nb5 Qb6 16. c4 Nc7 17. Nxc7 Qxc7 18. Rxa8 Rxa8 19. Nb1 Qb6 20. Nc3 Qb3 21. Rc1 Nb6 22. Nb5 Ra2 23. Rc2 Ra1+ 24. Kh2 Re1 25. Qxe1 Qxc2 26. Qa5 Qxe4 27. Bg3 Nd7 28. b3 Nf8 29. Qc7 f5 30. f4 g5 31. fxg5 f4 32. Bf2 f3 33. gxf3 Qxf3 34. Kg1 Be5 35. Qxe7 Ng6 36. Qe6+ Kg7 37. Qd7+ Kg8 38. Qg4 Qxb3 39. Qc8+ Kg7 40. Qxb7+ Kg8 41. Qc8+ Nf8 42. Qg4 Qb1+ 43. Kg2 Ng6 44. Qe6+ Kg7 45. Qd7+ Kg8 46. Nxd6 Nf4+ 47. Kf3 Qd1+ 48. Ke4 Qd3+ 49. Kxe5 Ng6+ 50. Kf6 Qc3+ 51. Kf5 Qxh3+ 52. Kf6 Qxd7 53. Bxc5 Qd8+ 54. Ke6 Qxg5 55. Nf5 Qg4 56. Kf6 Qxc4 57. Bd4 Qxd5 58. Ba1 Qc6+ 59. Kg5 Qa6 60. Nh6+ Kf8 61. Bf6 Ke8 62. Nf5 Qb5 63. Kg4 Qe2+ 64. Kg5 Qg2+ 65. Kh6 Nf8 66. Bg7 Kf7 67. Bxf8 Qg6# 0-1


[Site "https://www.chess.com"]

[Event "Titled Tuesday Blitz October 25 Late 2022"]
[White "Fernandez De La Vara, Arnaldo"]
[Black "Ashiku, Franc"]
[WhiteFideId "3518388"]
[BlackFideId "4700066"]
[WhiteElo "2387"]
[BlackElo "2306"]
[Result "0-1"]
[Round "10"]
[TimeControl "180+1"]
[Date "2022.10.26"]
[WhiteClock "0:00:02"]
[BlackClock "0:00:16"]

1. Nf3 Nf6 2. b3 g6 3. Bb2 Bg7 4. g3 d6 5. d4 O-O 6. c4 Ne4 7. Qc2 f5 8. Nc3 Nxc3 9. Bxc3 a5 10. Bg2 e6 11. O-O Nc6 12. d5 Nb4 13. Qd2 e5 14. a3 Na6 15. Bxa5 Nc5 16. Rab1 f4 17. Bb4 b6 18. Bxc5 bxc5 19. Qc2 Bf5 20. Qb2 e4 21. Qa2 exf3 22. Bxf3 Bxb1 23. Rxb1 fxg3 24. hxg3 Qf6 25. a4 g5 26. Rf1 Qg6 27. Bg4 h5 28. Be6+ Kh8 29. a5 Bd4 30. e3 Be5 31. a6 h4 32. g4 h3 33. Bf5 Rxf5 34. gxf5 Qxf5 35. f3 Qd3 36. Re1 Bc3 37. Rf1 Qxe3+ 38. Kh1 Be5 39. a7 Qf4 40. Rf2 Kg7 41. Rf1 Rxa7 42. Qc2 Ra8 43. Rf2 Rf8 44. Qd1 Qg3 45. Rf1 Rf4 46. Rg1 Qxf3+ 47. Qxf3 Rxf3 48. Rxg5+ Kf6 49. Rg7 Kxg7 50. b4 Rf1# 0-1


[Site "https://www.chess.com"]

[Event "Titled Tuesday Blitz October 25 Late 2022"]
[White "Ferriz Barrios, Andres"]
[Black "Saucey, Michel"]
[WhiteFideId "5104467"]
[BlackFideId "601845"]
[WhiteElo "2223"]
[BlackElo "2253"]
[Result "1-0"]
[Round "10"]
[TimeControl "180+1"]
[Date "2022.10.26"]
[WhiteClock "0:00:17"]
[BlackClock "0:00:04"]

1. d4 d5 2. Nf3 e6 3. e3 Nf6 4. Nbd2 b6 5. Bd3 Bb7 6. O-O Nbd7 7. b3 Bd6 8. Bb2 O-O 9. Rc1 c5 10. c4 Rc8 11. Re1 Re8 12. Nf1 Ne4 13. Ne5 f6 14. Nxd7 Qxd7 15. f3 Ng5 16. h4 Nf7 17. Bb1 Qe7 18. Qd3 g6 19. h5 f5 20. hxg6 hxg6 21. cxd5 exd5 22. dxc5 bxc5 23. Qd2 Qh4 24. Rc2 Ng5 25. Rcc1 d4 26. exd4 Nxf3+ 27. gxf3 Bxf3 28. Nh2 Qg3+ 29. Kf1 Qxh2 30. Qxh2 Bxh2 31. dxc5 Bg3 32. Rxe8+ Rxe8 33. Bd3 Bc6 34. b4 Re3 35. Bc4+ Kf8 36. b5 Bd7 37. c6 Bc8 38. Bd4 Rf3+ 39. Kg2 Ra3 40. Bc5+ 1-0


[Site "https://www.chess.com"]

[Event "Titled Tuesday Blitz October 25 Late 2022"]
[White "Floresvillar Gonzalez, Luis Migu"]
[Black "Ibadov, Dashgyn"]
[WhiteFideId "5100542"]
[BlackFideId "24107514"]
[WhiteElo "2040"]
[BlackElo "2208"]
[Result "1-0"]
[Round "10"]
[TimeControl "180+1"]
[Date "2022.10.26"]
[WhiteClock "0:00:13"]
[BlackClock "0:00:02"]

1. d4 Nf6 2. c3 g6 3. Bg5 Bg7 4. Nd2 O-O 5. e4 d6 6. h4 h5 7. f3 c5 8. dxc5 dxc5 9. Bc4 b5 10. Bxb5 Qb6 11. Qb3 Be6 12. Bc4 Qd6 13. Bxe6 fxe6 14. Ne2 Nbd7 15. Nf4 Rfb8 16. Qxe6+ Qxe6 17. Nxe6 Rxb2 18. O-O Ne5 19. Rfd1 c4 20. Nxg7 Kxg7 21. f4 Neg4 22. Bxf6+ exf6 23. Nxc4 Rc2 24. Rdc1 Re2 25. e5 fxe5 26. Nxe5 Ne3 27. Re1 Rxg2+ 28. Kh1 Rg3 29. Kh2 Nf5 30. Rg1 Rxg1 31. Rxg1 Ne7 32. c4 Kf6 33. c5 Rc8 34. c6 Nxc6 35. Rxg6+ Kf5 36. Rxc6 Rb8 37. Rc2 Kxf4 38. Ng6+ Kg4 39. Kg2 Rb6 40. Rc4+ Kf5 41. Nf4 Rb2+ 42. Kf3 Rxa2 43. Rc5+ Kf6 44. Nxh5+ Ke6 45. Nf4+ Kf6 46. h5 a5 47. Rc6+ Kg7 48. Ra6 a4 49. h6+ Kh7 50. Nh5 a3 51. Ng3 Ra1 52. Nf5 a2 53. Kg2 Kh8 54. Ra7 Kg8 55. Ra8+ Kh7 56. Ra7+ Kg6 57. h7 Rb1 58. Rxa2 1-0


[Site "https://www.chess.com"]

[Event "Titled Tuesday Blitz October 25 Late 2022"]
[White "Garayev, Kanan"]
[Black "Ballester Llagaria, Luis Eduardo"]
[WhiteFideId "13406671"]
[BlackFideId "2297620"]
[WhiteElo "2244"]
[BlackElo "2344"]
[Result "1-0"]
[Round "10"]
[TimeControl "180+1"]
[Date "2022.10.26"]
[WhiteClock "0:00:17"]
[BlackClock "0:00:05"]

1. c4 e5 2. Nc3 Nc6 3. Nf3 f5 4. d4 e4 5. d5 exf3 6. dxc6 fxg2 7. cxd7+ Qxd7 8. Qxd7+ Bxd7 9. Bxg2 O-O-O 10. Bg5 Be7 11. Bxe7 Nxe7 12. O-O-O Bc6 13. Bxc6 Nxc6 14. Nd5 Rhe8 15. e3 Ne5 16. b3 c6 17. Nf4 g5 18. Rxd8+ Rxd8 19. Ne6 Rg8 20. f4 gxf4 21. Nxf4 Ng4 22. Rg1 Re8 23. h3 Nxe3 24. Rg7 Re4 25. Nd3 Rh4 26. Nc5 b6 27. Ne6 Rxh3 28. Rc7+ Kb8 29. Re7 Rh2 30. Nd4 Rh1+ 31. Kd2 Nf1+ 32. Kc3 Rh6 33. Nxf5 Rf6 34. Nd4 h5 35. b4 Ng3 36. b5 cxb5 37. cxb5 Kc8 38. Rxa7 Ne4+ 39. Kb4 Nc5 40. Rh7 Rf4 41. Kc3 Rf3+ 42. Kc4 Rf4 43. Kd5 h4 44. Nc6 Rf1 45. Nd4 Rd1 46. Rxh4 Kb7 47. Rh7+ Kb8 48. Ke5 Rd2 49. Nc6+ Kc8 50. a3 Nd7+ 51. Ke4 Nc5+ 52. Ke5 Nd7+ 53. Ke4 Nc5+ 54. Kf4 Rd3 55. Ra7 Rb3 56. Nd4 Rd3 57. Ke5 Rc3 58. Kd6 Nb7+ 59. Kd5 Kb8 60. Ra6 Rc5+ 61. Ke6 Kc7 62. a4 Rc4 63. Kd5 Nc5 64. Ra7+ Kb8 65. Nc6+ Kc8 66. Ne7+ Kd8 67. Nc6+ Kc8 68. a5 Rc1 69. axb6 Nb7 70. Ra8+ Kd7 71. Ne5+ Ke7 72. Ra7 Kd8 73. Rxb7 Rd1+ 74. Ke6 Kc8 75. Rd7 Re1 76. Rd5 Kb8 77. Kd6 Kb7 78. Nd7 Rh1 79. Kc5 Rc1+ 80. Kd6 Rh1 81. Ne5 Kxb6 82. Nc4+ Kb7 83. Kc5 Rh6 84. Rd7+ Ka8 85. Nd6 Rh5+ 86. Kb6 Rh8 87. Ra7+ Kb8 88. Rb7+ Ka8 89. Rc7 Rb8+ 90. Kc6 Rh8 91. Rc8+ Ka7 92. b6+ Ka6 93. Rxh8 1-0


[Site "https://www.chess.com"]

[Event "Titled Tuesday Blitz October 25 Late 2022"]
[White "Gardezi, Arsal"]
[Black "Weisz, Bryan"]
[WhiteFideId "30949521"]
[BlackFideId "30934133"]
[WhiteElo "1906"]
[BlackElo "2263"]
[Result "1-0"]
[Round "10"]
[TimeControl "180+1"]
[Date "2022.10.26"]
[WhiteClock "0:02:02"]
[BlackClock "0:01:59"]

1. Nf3 c5 2. c4 Nf6 3. Nc3 d5 4. cxd5 Nxd5 5. d4 Nxc3 6. bxc3 cxd4 7. cxd4 g6 8. e3 Bg7 9. Bd3 O-O 10. O-O Nc6 11. Rb1 e5 12. Bb2 Bg4 13. dxe5 Bxf3 14. gxf3 Nxe5 15. Bxe5 Bxe5 16. f4 Bc7 17. Rxb7 Bb6 18. Bc4 Qc8 19. Bd5 Rd8 20. Rxf7 Rxd5 21. Qxd5 Qg4+ 22. Kh1 Rd8 23. Rd7+ Kf8 24. Qf7# 1-0


[Site "https://www.chess.com"]

[Event "Titled Tuesday Blitz October 25 Late 2022"]
[White "Gireman, Ja"]
[Black "Harvey, Marcus R"]
[WhiteFideId "5043794"]
[BlackFideId "400092"]
[WhiteElo "2153"]
[BlackElo "2457"]
[Result "0-1"]
[Round "10"]
[TimeControl "180+1"]
[Date "2022.10.26"]
[WhiteClock "0:00:21"]
[BlackClock "0:00:22"]

1. d4 e6 2. Nc3 d5 3. e4 Nf6 4. Bg5 dxe4 5. Nxe4 Be7 6. Bxf6 gxf6 7. Nf3 f5 8. Ng3 h5 9. h4 c5 10. c3 cxd4 11. Nxd4 Bxh4 12. Nxh5 Kf8 13. Ng3 Kg8 14. Qf3 Bf6 15. Rxh8+ Bxh8 16. O-O-O Qg5+ 17. Kb1 Nd7 18. Bb5 Ne5 19. Qe2 a6 20. Ba4 b5 21. Bc2 Bb7 22. Rh1 Bg7 23. Ndxf5 exf5 24. Nxf5 Qxg2 25. Re1 Bf6 26. Qh5 Ng6 27. Nd6 Bf3 28. Nxf7 Bxh5 0-1


[Site "https://www.chess.com"]

[Event "Titled Tuesday Blitz October 25 Late 2022"]
[White "Goryachkina, Aleksandra"]
[Black "Baglan, Esat"]
[WhiteFideId "4147103"]
[BlackFideId "6309216"]
[WhiteElo "2484"]
[BlackElo "2231"]
[Result "1-0"]
[Round "10"]
[TimeControl "180+1"]
[Date "2022.10.26"]
[WhiteClock "0:00:09"]
[BlackClock "0:00:07"]

1. e4 c5 2. Nf3 Nc6 3. Bb5 d6 4. O-O Bd7 5. Re1 a6 6. Bf1 Nf6 7. c3 Bg4 8. d4 cxd4 9. cxd4 Bxf3 10. gxf3 g6 11. d5 Ne5 12. f4 Ned7 13. e5 dxe5 14. fxe5 Nh5 15. Nc3 Bg7 16. f4 O-O 17. Be3 e6 18. Bc4 Rc8 19. Bb3 Nc5 20. Bxc5 Rxc5 21. dxe6 Qb6 22. exf7+ Kh8 23. Qd4 Nxf4 24. Qxf4 Bxe5 25. Qe3 Qd6 26. Kh1 Bd4 27. Qd3 Rh5 28. Re2 Qf4 29. Qe4 Be5 30. Qxf4 Bxf4 31. Rd1 Kg7 32. Nd5 Rxf7 33. Nxf4 Rxf4 34. Rd7+ Kh6 35. Rxb7 Rf1+ 36. Kg2 Rb1 37. Be6 Rg5+ 38. Kf3 Rf1+ 39. Ke4 Rgg1 40. Rf7 Rxf7 41. Bxf7 Ra1 42. Be6 a5 43. Kd4 Kg5 44. Kc5 h5 45. Kb5 Kf4 46. Kxa5 g5 47. b4 g4 48. b5 h4 49. b6 Rb1 50. Bd5 g3 51. hxg3+ hxg3 52. Ka6 Rb4 53. b7 Ra4+ 54. Kb6 Rb4+ 55. Kc7 1-0


[Site "https://www.chess.com"]

[Event "Titled Tuesday Blitz October 25 Late 2022"]
[White "Hambleton, Aman"]
[Black "Arabidze, Meri"]
[WhiteFideId "2606577"]
[BlackFideId "13604040"]
[WhiteElo "2538"]
[BlackElo "2403"]
[Result "1-0"]
[Round "10"]
[TimeControl "180+1"]
[Date "2022.10.26"]
[WhiteClock "0:00:53"]
[BlackClock "0:01:13"]

1. d4 Nf6 2. Bf4 d5 3. e3 e6 4. Nf3 Bd6 5. Nbd2 c5 6. c3 O-O 7. Bd3 b6 8. Qe2 Qc7 9. Bxd6 Qxd6 10. Ne5 a5 11. O-O Ba6 12. Bxa6 Nxa6 13. a4 Nc7 14. Rfe1 Nd7 15. f4 Nf6 16. Qf3 Rab8 17. g4 b5 18. axb5 Rxb5 19. g5 Ne4 20. Nxe4 dxe4 21. Qxe4 Rxb2 22. Nc4 Qa6 23. Nxb2 Nd5 24. Nd3 Nxc3 25. Nxc5 Qa7 26. Qb7 Qxb7 27. Nxb7 a4 28. Ra3 Rc8 29. Nc5 1-0


[Site "https://www.chess.com"]

[Event "Titled Tuesday Blitz October 25 Late 2022"]
[White "Harish, Neeraj"]
[Black "Buchenau, Frank"]
[WhiteFideId "30958130"]
[BlackFideId "4604350"]
[WhiteElo "1815"]
[BlackElo "2157"]
[Result "0-1"]
[Round "10"]
[TimeControl "180+1"]
[Date "2022.10.26"]
[WhiteClock "0:01:21"]
[BlackClock "0:01:23"]

1. c4 e5 2. Nc3 Nf6 3. Nf3 Nc6 4. g3 Bb4 5. Qc2 O-O 6. d3 Nd4 7. Qd1 Nxf3+ 8. exf3 d5 9. cxd5 Qxd5 10. Bg2 Bf5 11. O-O Qxd3 12. Qxd3 Bxd3 13. Re1 Rfe8 14. Bg5 h6 15. Bxf6 gxf6 16. Rad1 Rad8 17. f4 c6 18. Re3 Bf5 19. fxe5 Bxc3 20. Rxd8 Rxd8 21. Bxc6 Bxe5 22. Bxb7 Bh3 23. Re1 Rb8 24. Bg2 Bxg2 25. Kxg2 Rxb2 26. a4 Bd4 27. Rf1 a5 28. Kf3 Ra2 0-1


[Site "https://www.chess.com"]

[Event "Titled Tuesday Blitz October 25 Late 2022"]
[White "Hoffmann, Asa"]
[Black "Jimenez Fernandez, Rebeca"]
[WhiteFideId "2001470"]
[BlackFideId "32070934"]
[WhiteElo "2117"]
[BlackElo "1946"]
[Result "1-0"]
[Round "10"]
[TimeControl "180+1"]
[Date "2022.10.26"]
[WhiteClock "0:00:17"]
[BlackClock "0:00:03"]

1. d4 d5 2. Bg5 h6 3. Bh4 g5 4. Bg3 Bg7 5. e3 c5 6. c3 Nc6 7. Bd3 e5 8. dxc5 Nf6 9. Ne2 e4 10. Bb5 h5 11. Na3 h4 12. Bd6 a6 13. Bxc6+ bxc6 14. Qa4 Bd7 15. h3 g4 16. Nf4 g3 17. fxg3 hxg3 18. O-O-O Nh5 19. Rhf1 Nxf4 20. Rxf4 Bh6 21. Rdf1 Bxf4 22. Rxf4 Qg5 23. Nc4 Rxh3 24. Nb6 Rh1+ 25. Kc2 Ra7 26. Rxe4+ Be6 27. Qxc6+ Kd8 28. Rxe6 Qf5+ 29. e4 Qxe6 30. exd5 Qf5+ 31. Kb3 a5 32. Bxg3 a4+ 33. Ka3 Ra1 34. Qd6+ Ke8 35. Qb8+ Ke7 36. Qxa7+ Kf8 37. Qb8+ Kg7 38. Qe5+ Qxe5 39. Bxe5+ Kg6 40. c6 f5 41. c7 f4 42. Bxf4 Kf5 43. g3 Ke4 44. c8=Q Kd3 45. d6 Kc2 46. Qc4 Kb1 47. Qf1+ Kc2 48. Qe2+ Kb1 49. Qd1# 1-0


[Site "https://www.chess.com"]

[Event "Titled Tuesday Blitz October 25 Late 2022"]
[White "Howell, David W L"]
[Black "Martinez Alcantara, Jose Eduardo"]
[WhiteFideId "410608"]
[BlackFideId "3805662"]
[WhiteElo "2567"]
[BlackElo "2703"]
[Result "1/2-1/2"]
[Round "10"]
[TimeControl "180+1"]
[Date "2022.10.26"]
[WhiteClock "0:00:07"]
[BlackClock "0:00:03"]

1. e4 c5 2. c3 e6 3. d4 d5 4. exd5 exd5 5. Nf3 Nf6 6. Bb5+ Bd7 7. Bxd7+ Nbxd7 8. O-O Be7 9. dxc5 Nxc5 10. Be3 O-O 11. Nbd2 Re8 12. Qc2 Qc7 13. Rfe1 Bd6 14. Nf1 Nce4 15. Bd4 b5 16. Ne3 Qc6 17. a4 a6 18. g3 Bf8 19. axb5 axb5 20. Qb3 Qb7 21. Rad1 Rad8 22. Nc2 h6 23. Nb4 Bxb4 24. Qxb4 Qc6 25. Ne5 Qb7 26. Nd3 Ng5 27. Rxe8+ Rxe8 28. h4 Nge4 29. Kg2 Qc6 30. Re1 Re6 31. Nf4 Re8 32. Re2 Qd7 33. f3 Nd6 34. Rxe8+ Ndxe8 35. Qc5 g5 36. hxg5 hxg5 37. Nd3 Qf5 38. Qxb5 g4 39. fxg4 Qe4+ 40. Kg1 Nxg4 41. Nf4 Qe1+ 42. Kg2 Qe4+ 43. Kg1 Qe1+ 44. Kg2 Qe4+ 45. Kg1 1/2-1/2


[Site "https://www.chess.com"]

[Event "Titled Tuesday Blitz October 25 Late 2022"]
[White "Ibarra Jerez, Jose Carlos"]
[Black "Piesik, Piotr"]
[WhiteFideId "2226332"]
[BlackFideId "1136194"]
[WhiteElo "2627"]
[BlackElo "2323"]
[Result "1-0"]
[Round "10"]
[TimeControl "180+1"]
[Date "2022.10.26"]
[WhiteClock "0:00:04"]
[BlackClock "0:00:01"]

1. Nf3 g6 2. e4 Bg7 3. d4 c6 4. Nc3 d6 5. Be3 Nf6 6. Qd2 b5 7. Bd3 Nbd7 8. Bh6 O-O 9. Bxg7 Kxg7 10. e5 dxe5 11. dxe5 Ne8 12. Ne4 Nb6 13. Qf4 Bf5 14. O-O-O Nd5 15. Qh4 Qa5 16. Kb1 Bxe4 17. Bxe4 Nec7 18. Nd4 Qb6 19. Rd3 h6 20. e6 Nxe6 21. Nxe6+ fxe6 22. Rh3 h5 23. Qg5 Rf6 24. Rxh5 Qxf2 25. Qh6+ Kf7 26. Qh7+ Ke8 27. Bxg6+ Kd7 28. a3 Qxg2 29. Be4 Rf1+ 30. Ka2 Qf2 31. Rxf1 Qxf1 32. Bd3 Qf3 33. Rg5 b4 34. Qg7 bxa3 35. bxa3 Rb8 36. Qd4 Rb6 37. Bc4 Kc7 38. Bb3 Nc3+ 39. Kb2 Nd1+ 40. Ka2 Nc3+ 41. Kb2 Nb5 42. Qe5+ Kb7 43. Qxe6 Qc3+ 44. Ka2 Nd4 45. Qxe7+ Ka6 46. Qc5 Qxc5 47. Rxc5 Nb5 48. Bc4 1-0


[Site "https://www.chess.com"]